OTTAWA vs CHICAGO

Created - March-30-21 at 13:02

Goals
1 2 3 T
OTTAWA 1 1 0 2
CHICAGO 1 0 0 1
Shots
1 2 3 T
OTTAWA 6 10 9 25
CHICAGO 10 10 4 24

1st period

1. OTTAWA , Oskar Sundqvist 6 (Andreas Johnsson 7) at 7:36 (PP)
2. CHICAGO , Milan Lucic 6 (Frans Nielsen 14, Tyson Barrie 21) at 16:18

Penalties :
Mark Borowiecki (OTT) for Tripping (Minor) at 0:19, Mark Borowiecki (OTT) for Hooking (Minor) at 3:21, Milan Lucic (CHI) for Slashing (Minor) at 7:17, Mark Borowiecki (OTT) for High sticking (Minor) at 11:26

2nd period

3. OTTAWA , Michael Rasmussen 2 (Vince Dunn 20, Jujhar Khaira 3) at 11:57

Penalties :
Garnet Hathaway (OTT) for Hooking (Minor) at 7:22, Haydn Fleury (CHI) for Tripping (Minor) at 12:14, Vince Dunn (OTT) for Holding (Minor) at 15:15, Brandon Sutter (CHI) for Interference (Minor) at 17:41

3rd period

No Goal

Penalties :
No Penalty

Goalie Stats

Laurent Brossoit (OTT), 23 saves from 24 shots - (0.958), W, 5-5-1, 60:00 minutes
Mike Smith (CHI), 23 saves from 25 shots - (0.920), L, 1-3-1, 59:05 minutes

Players Stats for OTTAWA

Player Name              G  A  P  +/- PIM S  H  SB GA TA FO     MP     PP MP  PK MP  
------------------------------------------------------------------------------------
Andreas Johnsson         0  1  1   1  0   3  1  0  0  0  0/1     7:09   2:04   0:00 
Conor Garland            0  0  0  -1  0   1  0  0  0  0  0/0    14:27   0:00   0:00 
Dmitry Kulikov           0  0  0   0  0   0  0  0  0  0  0/0    16:56   0:00   3:49 
Garnet Hathaway          0  0  0   0  2   0  2  1  0  0  9/28   18:55   0:00   4:31 
Jordan Eberle            0  0  0   0  0   2  1  0  0  0  0/1    23:18   2:13   6:23 
Jujhar Khaira            0  1  1   1  0   1  0  0  0  0  1/3     7:05   0:00   2:00 
Kyle Okposo              0  0  0   0  0   3  4  0  0  0  0/1    14:27   2:04   0:24 
Marcus Johansson         0  0  0   0  0   2  1  0  0  0  6/20   13:47   2:13   0:00 
Mark Borowiecki          0  0  0   0  6   2  7  2  0  0  0/0    19:46   1:57   1:07 
Michael Raffl            0  0  0  -1  0   0  2  0  0  0  0/0    14:19   0:00   0:00 
Michael Rasmussen        1  0  1   1  0   1  2  0  0  0  4/5     5:05   0:00   0:00 
Michal Kempny            0  0  0   0  0   1  2  2  0  0  0/0    19:54   1:57   4:14 
Mirco Mueller            0  0  0   1  0   1  1  2  0  0  0/0    21:15   0:00   4:45 
Nikita Gusev             0  0  0   0  0   1  0  0  0  0  1/3    14:42   0:00   3:08 
Oskar Sundqvist          1  0  1  -1  0   2  1  0  0  0  7/14   17:04   2:04   0:16 
Ryan Suter               0  0  0  -1  0   2  3  2  0  0  0/0    24:37   2:20   5:41 
Vince Dunn               0  1  1   0  2   1  0  3  0  0  0/0    17:28   2:20   0:14 
Yanni Gourde             0  0  0   0  0   2  2  0  0  0  0/0    19:46   2:13   3:08 

Players Stats for CHICAGO

Player Name              G  A  P  +/- PIM S  H  SB GA TA FO     MP     PP MP  PK MP  
------------------------------------------------------------------------------------
Brandon Sutter           0  0  0   0  2   1  0  0  0  0  6/12   15:35   0:00   1:02 
Brendan Perlini          0  0  0   0  0   1  1  0  0  0  0/1     4:09   0:00   0:11 
Brett Murray             0  0  0   0  0   0  0  0  0  0  0/0     1:13   0:00   0:00 
Cody Eakin               0  0  0   0  0   2  0  0  0  0  2/3    19:12   4:47   1:03 
Connor Bunnaman          0  0  0   0  0   0  0  0  0  0  0/0     0:27   0:00   0:00 
Erik Haula               0  0  0   0  0   1  0  0  0  0  0/0    13:42   0:00   0:00 
Frans Nielsen            0  1  1   0  0   0  0  0  0  0  16/22  20:30   5:08   1:03 
Gustav Nyquist           0  0  0   0  0   1  0  0  0  0  4/5    23:52   4:47   2:31 
Haydn Fleury             0  0  0   0  2   1  0  0  0  0  0/0    12:54   0:00   0:00 
Mark Pysyk               0  0  0   0  0   1  1  0  0  0  0/0    22:32   5:16   2:14 
Mason Appleton           0  0  0   0  0   0  0  0  0  0  2/5     3:36   0:00   0:03 
Mikkel Boedker           0  0  0   0  0   1  0  0  0  0  0/3    19:27   5:08   0:00 
Milan Lucic              1  0  1   0  2   4  4  0  0  0  2/2    19:26   5:08   0:00 
Nick Leddy               0  0  0   0  0   2  0  1  0  0  0/0    24:28   4:39   1:58 
Nikita Nesterov          0  0  0   0  0   0  0  0  0  0  0/0     2:24   0:00   0:05 
Sven Baertschi           0  0  0   0  0   1  0  0  0  0  0/0    13:42   0:00   0:00 
Travis Dermott           0  0  0   0  0   2  3  0  0  0  0/0    22:32   5:16   2:14 
Tyler Bozak              0  0  0   0  0   3  2  0  0  0  16/23  20:50   4:47   2:41 
Tyler Lewington          0  0  0   0  0   0  2  2  0  0  0/0    12:55   0:00   0:05 
Tyson Barrie             0  1  1   0  0   3  0  1  0  0  0/0    22:14   4:39   1:58 

3 Stars

1 - Michael Rasmussen (OTT)
2 - Laurent Brossoit (OTT)
3 - Milan Lucic (CHI)

Power Play

OTTAWA - 1 on 3 Attempt(s) - 33.33%
CHICAGO - 0 on 5 Attempt(s) - 0.00%

Penalty Kill

OTTAWA - 5 on 5 Attempt(s) - 100.00% - Score 0 goal in Penalty Kill
CHICAGO - 2 on 3 Attempt(s) - 66.67% - Score 0 goal in Penalty Kill

Team Stat

OTTAWA - Hits : 29 - Faceoff Wins : 28 - Blocked Shots : 12 - Penalty Minutes : 10
CHICAGO - Hits : 13 - Faceoff Wins : 48 - Blocked Shots : 4 - Penalty Minutes : 6

Official

Referees : Joe Brodsky and Shane Maloney
Linesman : Shaun Morgan and Kyle Liboiron

Game Notes

No Game Note

Finance

Level 1 -- Attendance: 4736 (78.93%) -- Ticket Income $473,600
Level 2 -- Attendance: 3307 (66.14%) -- Ticket Income $214,955
Level 3 -- Attendance: 800 (40.00%) -- Ticket Income $60,000
Level 4 -- Attendance: 1600 (40.00%) -- Ticket Income $80,000
Luxury Box -- Attendance: 600 (60.00%) -- Ticket Income $150,000
Game was played at the United Center.
Total Attendance: 11043 (61.35%)
Total Ticket Income: $978,555
Total Income: $978,555

OTTAWA

5 vs 5 Forward 
   Center                   Left Wing                Right Wing               Time % Phy DF OF 
 1 Garnet Hathaway          Yanni Gourde             Jordan Eberle            35     0   1  4  
 2 Oskar Sundqvist          Michael Raffl            Conor Garland            30     1   2  2  
 3 Marcus Johansson         Kyle Okposo              Nikita Gusev             25     1   3  1  
 4 Michael Rasmussen        Jujhar Khaira            Andreas Johnsson         10     2   2  1  

5 vs 5 Defense 
   Defense                  Defense                                           Time % Phy DF OF 
 1 Mirco Mueller            Mark Borowiecki                                   35     1   1  3  
 2 Ryan Suter               Vince Dunn                                        30     1   2  2  
 3 Michal Kempny            Dmitry Kulikov                                    25     1   3  1  
 4 Ryan Suter               Mark Borowiecki                                   10     2   2  1  

PowerPlay Forward 
   Center                   Left Wing                Right Wing               Time % Phy DF OF 
 1 Marcus Johansson         Yanni Gourde             Jordan Eberle            60     0   1  4  
 2 Oskar Sundqvist          Andreas Johnsson         Kyle Okposo              40     0   2  3  

PowerPlay Defense
   Defense                  Defense                                           Time % Phy DF OF 
 1 Vince Dunn               Ryan Suter                                        60     0   1  4  
 2 Mark Borowiecki          Michal Kempny                                     40     0   2  3  

Penalty Kill 4 Players Forward 
   Center                   Wing                     Time % Phy DF OF 
 1 Garnet Hathaway          Jordan Eberle            60     1   3  1  
 2 Nikita Gusev             Yanni Gourde             40     1   4  0  

Penalty Kill 4 Players Defense
   Defense                  Defense                  Time % Phy DF OF 
 1 Ryan Suter               Mirco Mueller            60     1   3  1  
 2 Mark Borowiecki          Michal Kempny            40     1   4  0  

Penalty Kill - 3 Players Forward 
   Forward                                           Time % Phy DF OF 
 1 Oskar Sundqvist                                   60     0   4  1  
 2 Garnet Hathaway                                   40     2   3  0  

Penalty Kill - 3 Players Defense
   Defense                  Defense                  Time % Phy DF OF 
 1 Ryan Suter               Mirco Mueller            60     0   4  1  
 2 Michal Kempny            Mark Borowiecki          40     2   3  0  

4 vs 4 Forward 
   Center                   Wing                     Time % Phy DF OF 
 1 Oskar Sundqvist          Yanni Gourde             60     1   2  2  
 2 Garnet Hathaway          Kyle Okposo              40     1   2  2  

4 vs 4 Defense
   Defense                  Defense                  Time % Phy DF OF 
 1 Ryan Suter               Vince Dunn               60     1   2  2  
 2 Mark Borowiecki          Michal Kempny            40     1   2  2  

Last Minutes Offensive
   Center                   Left Wing                Right Wing               Defense                  Defense                  
   Marcus Johansson         Yanni Gourde             Jordan Eberle            Ryan Suter               Vince Dunn               

Last Minutes Defensive
   Center                   Left Wing                Right Wing               Defense                  Defense                  
   Oskar Sundqvist          Yanni Gourde             Jordan Eberle            Ryan Suter               Mirco Mueller            

Goaltenders
Starting : Laurent Brossoit         
Backup : Pekka Rinne              

Extra Forwards
Normal : Yanni Gourde, Oskar Sundqvist, Garnet Hathaway - PP : Kyle Okposo, Conor Garland - PK : Jordan Eberle
Extra Defensemen
Normal : Ryan Suter, Mirco Mueller, Mark Borowiecki - PP : Michal Kempny - PK : Dmitry Kulikov, Vince Dunn
Penalty Shots
Michael Rasmussen, Jordan Eberle, Kyle Okposo, Yanni Gourde, Conor Garland

Scratches
OTT Cap Hit (Suspend), Dominik Simon (Healthy), Joakim Nygard (Healthy), Brandon Pirri (Healthy), Greg Pateryn (Healthy)

CHICAGO

5 vs 5 Forward 
   Center                   Left Wing                Right Wing               Time % Phy DF OF 
 1 Tyler Bozak              Cody Eakin               Gustav Nyquist           35     1   2  2  
 2 Frans Nielsen            Mikkel Boedker           Milan Lucic              30     1   2  2  
 3 Brandon Sutter           Erik Haula               Sven Baertschi           25     1   2  2  
 4 Mason Appleton           Brendan Perlini          Gustav Nyquist           10     1   2  2  

5 vs 5 Defense 
   Defense                  Defense                                           Time % Phy DF OF 
 1 Nick Leddy               Tyson Barrie                                      35     1   2  2  
 2 Mark Pysyk               Travis Dermott                                    30     1   2  2  
 3 Haydn Fleury             Tyler Lewington                                   25     1   2  2  
 4 Nikita Nesterov          Nick Leddy                                        10     1   2  2  

PowerPlay Forward 
   Center                   Left Wing                Right Wing               Time % Phy DF OF 
 1 Tyler Bozak              Cody Eakin               Gustav Nyquist           60     1   2  2  
 2 Frans Nielsen            Mikkel Boedker           Milan Lucic              40     1   2  2  

PowerPlay Defense
   Defense                  Defense                                           Time % Phy DF OF 
 1 Nick Leddy               Tyson Barrie                                      60     1   2  2  
 2 Mark Pysyk               Travis Dermott                                    40     1   2  2  

Penalty Kill 4 Players Forward 
   Center                   Wing                     Time % Phy DF OF 
 1 Gustav Nyquist           Tyler Bozak              60     1   2  2  
 2 Cody Eakin               Frans Nielsen            40     1   2  2  

Penalty Kill 4 Players Defense
   Defense                  Defense                  Time % Phy DF OF 
 1 Nick Leddy               Tyson Barrie             60     1   2  2  
 2 Mark Pysyk               Travis Dermott           40     1   2  2  

Penalty Kill - 3 Players Forward 
   Forward                                           Time % Phy DF OF 
 1 Gustav Nyquist                                    60     1   2  2  
 2 Tyler Bozak                                       40     1   2  2  

Penalty Kill - 3 Players Defense
   Defense                  Defense                  Time % Phy DF OF 
 1 Nick Leddy               Tyson Barrie             60     1   2  2  
 2 Mark Pysyk               Travis Dermott           40     1   2  2  

4 vs 4 Forward 
   Center                   Wing                     Time % Phy DF OF 
 1 Gustav Nyquist           Tyler Bozak              60     1   2  2  
 2 Cody Eakin               Frans Nielsen            40     1   2  2  

4 vs 4 Defense
   Defense                  Defense                  Time % Phy DF OF 
 1 Nick Leddy               Tyson Barrie             60     1   2  2  
 2 Mark Pysyk               Travis Dermott           40     1   2  2  

Last Minutes Offensive
   Center                   Left Wing                Right Wing               Defense                  Defense                  
   Tyler Bozak              Cody Eakin               Gustav Nyquist           Nick Leddy               Tyson Barrie             

Last Minutes Defensive
   Center                   Left Wing                Right Wing               Defense                  Defense                  
   Tyler Bozak              Cody Eakin               Gustav Nyquist           Nick Leddy               Tyson Barrie             

Goaltenders
Starting : Mike Smith               
Backup : James Reimer             

Extra Forwards
Normal : Brett Murray, Connor Bunnaman, Brandon Sutter - PP : Brett Murray, Connor Bunnaman - PK : Brandon Sutter
Extra Defensemen
Normal : Haydn Fleury, Tyler Lewington, Nikita Nesterov - PP : Haydn Fleury - PK : Tyler Lewington, Nikita Nesterov
Penalty Shots
Gustav Nyquist, Tyler Bozak, Cody Eakin, Frans Nielsen, Milan Lucic

Scratches
CHI Cap Hit (Suspend), Michael Del Zotto (Healthy), Cory Schneider (Healthy)

% Time on Ice - OTTAWA

Lines # - Real PCT - Wanted PCT - Time Play
Normal Forward
1 - 32% - 35% - 14:17
2 - 32% - 30% - 14:19
3 - 26% - 25% - 11:34
4 - 11% - 10% - 5:05
Normal Defense
1 - 35% - 35% - 15:47
2 - 33% - 30% - 14:55
3 - 29% - 25% - 13:07
4 - 3% - 10% - 1:26
PP Forward
1 - 52% - 60% - 2:13
2 - 48% - 40% - 2:04
PP Defense
1 - 54% - 60% - 2:20
2 - 46% - 40% - 1:57
PK Forward
1 - 68% - 60% - 6:47
2 - 32% - 40% - 3:08
PK Defense
1 - 57% - 60% - 5:41
2 - 43% - 40% - 4:14
PK3 Forward
1 - 0% - 60%
2 - 0% - 40%
PK3 Defense
1 - 0% - 60%
2 - 0% - 40%
44 Forward
1 - 0% - 60%
2 - 0% - 40%
44 Defense
1 - 0% - 60%
2 - 0% - 40%
Last Minute Offensive  - 0:00
Last Minute Defensive  - 0:33
Total
Forward - 60:00
Defense - 60:00

% Time on Ice - CHICAGO

Lines # - Real PCT - Wanted PCT - Time Play
Normal Forward
1 - 30% - 35% - 13:14
2 - 32% - 30% - 14:19
3 - 31% - 25% - 13:42
4 - 8% - 10% - 3:33
Normal Defense
1 - 33% - 35% - 14:37
2 - 34% - 30% - 15:02
3 - 29% - 25% - 12:50
4 - 5% - 10% - 2:19
PP Forward
1 - 48% - 60% - 4:47
2 - 52% - 40% - 5:08
PP Defense
1 - 47% - 60% - 4:39
2 - 53% - 40% - 5:16
PK Forward
1 - 75% - 60% - 3:14
2 - 25% - 40% - 1:03
PK Defense
1 - 48% - 60% - 2:03
2 - 52% - 40% - 2:14
PK3 Forward
1 - 0% - 60%
2 - 0% - 40%
PK3 Defense
1 - 0% - 60%
2 - 0% - 40%
44 Forward
1 - 0% - 60%
2 - 0% - 40%
44 Defense
1 - 0% - 60%
2 - 0% - 40%
Last Minute Offensive  - 1:00
Last Minute Defensive  - 0:00
Total
Forward - 60:00
Defense - 60:00

Play-by-Play

1st period


0:01 of 1st period - Tyler Bozak wins face-off versus Garnet Hathaway in neutral zone.
0:19 of 1st period - Minor Penalty to Mark Borowiecki for Tripping.
0:20 of 1st period - Frans Nielsen wins face-off versus Garnet Hathaway in OTTAWA zone.
0:36 of 1st period - Shot by Mark Pysyk.
0:36 of 1st period - Stopped by Laurent Brossoit without a rebound.
0:37 of 1st period - Tyler Bozak wins face-off versus Nikita Gusev in OTTAWA zone.
2:02 of 1st period - Icing by Travis Dermott.
2:03 of 1st period - Frans Nielsen wins face-off versus Nikita Gusev in CHICAGO zone.
3:06 of 1st period - Off-side.
3:07 of 1st period - Tyler Bozak wins face-off versus Andreas Johnsson in neutral zone.
3:07 of 1st period - Cody Eakin is hit by Michael Rasmussen and loses puck.
3:14 of 1st period - Shot by Gustav Nyquist.
3:14 of 1st period - Shot Hit the Post.
3:16 of 1st period - Shot by Gustav Nyquist.
3:16 of 1st period - Shot Blocked by Mark Borowiecki.
3:18 of 1st period - Shot by Tyler Bozak.
3:18 of 1st period - Shot Misses the Net.
3:20 of 1st period - Shot by Tyson Barrie.
3:20 of 1st period - Shot Blocked by Mark Borowiecki.
3:21 of 1st period - Minor Penalty to Mark Borowiecki for Hooking.
3:22 of 1st period - Frans Nielsen wins face-off versus Garnet Hathaway in OTTAWA zone.
3:24 of 1st period - Mikkel Boedker is hit by Michal Kempny and loses puck.
3:27 of 1st period - Shot by Mark Pysyk.
3:27 of 1st period - Shot Misses the Net.
3:29 of 1st period - Shot by Mark Pysyk.
3:29 of 1st period - Shot Blocked by Michal Kempny.
3:47 of 1st period - Shot by Travis Dermott.
3:47 of 1st period - Stopped by Laurent Brossoit with a rebound.
3:49 of 1st period - Shot by Travis Dermott.
3:49 of 1st period - Shot Misses the Net.
3:51 of 1st period - Shot by Frans Nielsen.
3:51 of 1st period - Deflect By Milan Lucic.
3:51 of 1st period - Stopped by Laurent Brossoit without a rebound.
3:52 of 1st period - Tyler Bozak wins face-off versus Garnet Hathaway in OTTAWA zone.
4:18 of 1st period - Gustav Nyquist is hit by Yanni Gourde and loses puck.
4:30 of 1st period - Icing by Tyler Bozak.
4:31 of 1st period - Tyler Bozak wins face-off versus Garnet Hathaway in CHICAGO zone.
5:00 of 1st period - Shot by Travis Dermott.
5:00 of 1st period - Shot Misses the Net.
5:43 of 1st period - Shot by Michael Raffl.
5:43 of 1st period - Shot Misses the Net.
5:45 of 1st period - Shot by Mark Borowiecki.
5:45 of 1st period - Shot Misses the Net.
7:04 of 1st period - Icing by Dmitry Kulikov.
7:05 of 1st period - Frans Nielsen wins face-off versus Garnet Hathaway in OTTAWA zone.
7:16 of 1st period - Dmitry Kulikov is hit by Milan Lucic and loses puck.
7:17 of 1st period - Minor Penalty to Milan Lucic for Slashing.
7:18 of 1st period - Oskar Sundqvist wins face-off versus Gustav Nyquist in CHICAGO zone.
7:19 of 1st period - Shot by Kyle Okposo.
7:19 of 1st period - Shot Misses the Net.
7:29 of 1st period - Gustav Nyquist is hit by Andreas Johnsson and loses puck.
7:36 of 1st period - Shot by Oskar Sundqvist.
7:36 of 1st period - Goal by Oskar Sundqvist - OTTAWA : 1 - CHICAGO : 0.
7:37 of 1st period - Frans Nielsen wins face-off versus Garnet Hathaway in neutral zone.
7:48 of 1st period - Shot by Jordan Eberle.
7:48 of 1st period - Shot Misses the Net.
7:50 of 1st period - Shot by Mirco Mueller.
7:50 of 1st period - Stopped by Mike Smith without a rebound.
7:51 of 1st period - Oskar Sundqvist wins face-off versus Brandon Sutter in CHICAGO zone.
8:06 of 1st period - Shot by Erik Haula.
8:06 of 1st period - Stopped by Laurent Brossoit with a rebound.
8:08 of 1st period - Shot by Sven Baertschi.
8:08 of 1st period - Shot Blocked by Michal Kempny.
8:50 of 1st period - Gustav Nyquist is hit by Michal Kempny.
9:03 of 1st period - Icing by Tyson Barrie.
9:04 of 1st period - Tyler Bozak wins face-off versus Garnet Hathaway in CHICAGO zone.
9:04 of 1st period - Tyler Bozak is hit by Yanni Gourde.
9:10 of 1st period - Yanni Gourde is hit by Tyler Bozak and loses puck.
9:24 of 1st period - Cody Eakin is hit by Mark Borowiecki and loses puck.
9:58 of 1st period - Icing by Tyler Lewington.
9:59 of 1st period - Frans Nielsen wins face-off versus Marcus Johansson in CHICAGO zone.
9:59 of 1st period - Frans Nielsen is hit by Marcus Johansson.
10:11 of 1st period - Shot by Ryan Suter.
10:11 of 1st period - Stopped by Mike Smith without a rebound.
10:12 of 1st period - Brandon Sutter wins face-off versus Michael Rasmussen in CHICAGO zone.
10:30 of 1st period - Icing by Travis Dermott.
10:31 of 1st period - Brandon Sutter wins face-off versus Marcus Johansson in CHICAGO zone.
10:53 of 1st period - Icing by Michal Kempny.
10:54 of 1st period - Marcus Johansson wins face-off versus Tyler Bozak in OTTAWA zone.
11:26 of 1st period - Minor Penalty to Mark Borowiecki for High sticking.
11:27 of 1st period - Frans Nielsen wins face-off versus Garnet Hathaway in OTTAWA zone.
11:31 of 1st period - Mikkel Boedker is hit by Mirco Mueller and loses puck.
11:34 of 1st period - Shot by Travis Dermott.
11:34 of 1st period - Stopped by Laurent Brossoit with a rebound.
11:36 of 1st period - Shot by Milan Lucic.
11:36 of 1st period - Stopped by Laurent Brossoit without a rebound.
11:37 of 1st period - Garnet Hathaway wins face-off versus Mikkel Boedker in OTTAWA zone.
11:58 of 1st period - Shot by Nick Leddy.
11:58 of 1st period - Stopped by Laurent Brossoit with a rebound.
13:47 of 1st period - Haydn Fleury is hit by Ryan Suter and loses puck.
14:08 of 1st period - Sven Baertschi is hit by Ryan Suter and loses puck.
14:28 of 1st period - Off-side.
14:29 of 1st period - Marcus Johansson wins face-off versus Tyler Bozak in neutral zone.
14:36 of 1st period - Shot by Nikita Gusev.
14:36 of 1st period - Shot Misses the Net.
14:38 of 1st period - Shot by Kyle Okposo.
14:38 of 1st period - Stopped by Mike Smith without a rebound.
14:39 of 1st period - Michael Rasmussen wins face-off versus Frans Nielsen in CHICAGO zone.
14:45 of 1st period - Off-side.
14:46 of 1st period - Garnet Hathaway wins face-off versus Tyler Bozak in neutral zone.
14:51 of 1st period - Shot by Jordan Eberle.
14:51 of 1st period - Shot Misses the Net.
16:07 of 1st period - Icing by Tyson Barrie.
16:08 of 1st period - Frans Nielsen wins face-off versus Oskar Sundqvist in CHICAGO zone.
16:08 of 1st period - Frans Nielsen is hit by Michael Raffl.
16:16 of 1st period - Shot by Tyson Barrie.
16:16 of 1st period - Stopped by Laurent Brossoit with a rebound.
16:18 of 1st period - Shot by Frans Nielsen.
16:18 of 1st period - Deflect By Milan Lucic.
16:18 of 1st period - Goal by Milan Lucic - OTTAWA : 1 - CHICAGO : 1.
16:19 of 1st period - Michael Rasmussen wins face-off versus Brandon Sutter in neutral zone.
16:24 of 1st period - Shot by Vince Dunn.
16:24 of 1st period - Stopped by Mike Smith without a rebound.
16:25 of 1st period - Oskar Sundqvist wins face-off versus Brandon Sutter in CHICAGO zone.
16:29 of 1st period - Icing by Tyson Barrie.
16:30 of 1st period - Garnet Hathaway wins face-off versus Brandon Sutter in CHICAGO zone.
16:33 of 1st period - Shot by Jordan Eberle.
16:33 of 1st period - Shot Misses the Net.
16:38 of 1st period - Erik Haula is hit by Mark Borowiecki and loses puck.
16:47 of 1st period - Shot by Tyson Barrie.
16:47 of 1st period - Shot Misses the Net.
16:49 of 1st period - Shot by Erik Haula.
16:49 of 1st period - Shot Misses the Net.
16:58 of 1st period - Brandon Sutter is hit by Mark Borowiecki and loses puck.
17:08 of 1st period - Brandon Sutter is hit by Mark Borowiecki and loses puck.
17:49 of 1st period - Milan Lucic is hit by Ryan Suter and loses puck.
18:10 of 1st period - Shot by Haydn Fleury.
18:10 of 1st period - Shot Misses the Net.
18:12 of 1st period - Shot by Tyler Bozak.
18:12 of 1st period - Shot Blocked by Vince Dunn.
18:14 of 1st period - Shot by Haydn Fleury.
18:14 of 1st period - Stopped by Laurent Brossoit without a rebound.
18:15 of 1st period - Oskar Sundqvist wins face-off versus Mason Appleton in OTTAWA zone.
18:38 of 1st period - Shot by Oskar Sundqvist.
18:38 of 1st period - Shot Misses the Net.
18:46 of 1st period - Shot by Oskar Sundqvist.
18:46 of 1st period - Deflect By Michael Raffl.
18:46 of 1st period - Shot Misses the Net.
18:59 of 1st period - Icing by Brendan Perlini.
19:00 of 1st period - Marcus Johansson wins face-off versus Mason Appleton in CHICAGO zone.
19:03 of 1st period - Shot by Marcus Johansson.
19:03 of 1st period - Deflect By Nikita Gusev.
19:03 of 1st period - Shot Misses the Net.
19:05 of 1st period - Shot by Marcus Johansson.
19:05 of 1st period - Stopped by Mike Smith without a rebound.
19:06 of 1st period - Frans Nielsen wins face-off versus Marcus Johansson in CHICAGO zone.
19:06 of 1st period - Frans Nielsen is hit by Kyle Okposo.
Goals for this period are 1 for OTTAWA vs 1 for CHICAGO.
Shots for this period are 6 for OTTAWA vs 10 for CHICAGO.

2nd period


0:01 of 2nd period - Tyler Bozak wins face-off versus Garnet Hathaway in neutral zone.
0:24 of 2nd period - Yanni Gourde is hit by Tyler Bozak and loses puck.
1:29 of 2nd period - Icing by Travis Dermott.
1:30 of 2nd period - Michael Rasmussen wins face-off versus Mikkel Boedker in CHICAGO zone.
1:45 of 2nd period - Michael Rasmussen is hit by Travis Dermott and loses puck.
2:09 of 2nd period - Icing by Erik Haula.
2:10 of 2nd period - Brandon Sutter wins face-off versus Oskar Sundqvist in CHICAGO zone.
2:42 of 2nd period - Shot by Erik Haula.
2:42 of 2nd period - Deflect By Brandon Sutter.
2:42 of 2nd period - Stopped by Laurent Brossoit without a rebound.
2:43 of 2nd period - Tyler Bozak wins face-off versus Marcus Johansson in OTTAWA zone.
2:51 of 2nd period - Icing by Dmitry Kulikov.
2:52 of 2nd period - Tyler Bozak wins face-off versus Marcus Johansson in OTTAWA zone.
2:57 of 2nd period - Shot by Tyler Bozak.
2:57 of 2nd period - Shot Misses the Net.
3:12 of 2nd period - Off-side.
3:13 of 2nd period - Garnet Hathaway wins face-off versus Frans Nielsen in neutral zone.
3:13 of 2nd period - Ryan Suter is hit by Milan Lucic and loses puck.
3:22 of 2nd period - Shot by Yanni Gourde.
3:22 of 2nd period - Deflect By Jordan Eberle.
3:22 of 2nd period - Stopped by Mike Smith without a rebound.
3:23 of 2nd period - Tyler Bozak wins face-off versus Oskar Sundqvist in CHICAGO zone.
3:50 of 2nd period - Shot by Cody Eakin.
3:50 of 2nd period - Stopped by Laurent Brossoit with a rebound.
3:52 of 2nd period - Shot by Tyson Barrie.
3:52 of 2nd period - Shot Misses the Net.
3:56 of 2nd period - Shot by Gustav Nyquist.
3:56 of 2nd period - Stopped by Laurent Brossoit with a rebound.
4:30 of 2nd period - Mark Pysyk is hit by Garnet Hathaway and loses puck.
4:41 of 2nd period - Shot by Yanni Gourde.
4:41 of 2nd period - Stopped by Mike Smith with a rebound.
5:29 of 2nd period - Shot by Kyle Okposo.
5:29 of 2nd period - Stopped by Mike Smith without a rebound.
5:30 of 2nd period - Michael Rasmussen wins face-off versus Brandon Sutter in CHICAGO zone.
5:33 of 2nd period - Shot by Andreas Johnsson.
5:33 of 2nd period - Stopped by Mike Smith without a rebound.
5:34 of 2nd period - Tyler Bozak wins face-off versus Kyle Okposo in CHICAGO zone.
5:59 of 2nd period - Shot by Marcus Johansson.
5:59 of 2nd period - Stopped by Mike Smith without a rebound.
6:00 of 2nd period - Brandon Sutter wins face-off versus Oskar Sundqvist in CHICAGO zone.
6:23 of 2nd period - Shot by Erik Haula.
6:23 of 2nd period - Shot Blocked by Mirco Mueller.
7:05 of 2nd period - Shot by Tyson Barrie.
7:05 of 2nd period - Shot Misses the Net.
7:07 of 2nd period - Shot by Gustav Nyquist.
7:07 of 2nd period - Shot Blocked by Mirco Mueller.
7:09 of 2nd period - Shot by Gustav Nyquist.
7:09 of 2nd period - Shot Hit the Post.
7:22 of 2nd period - Minor Penalty to Garnet Hathaway for Hooking.
7:23 of 2nd period - Frans Nielsen wins face-off versus Jordan Eberle in OTTAWA zone.
7:32 of 2nd period - Shot by Milan Lucic.
7:32 of 2nd period - Stopped by Laurent Brossoit without a rebound.
7:33 of 2nd period - Frans Nielsen wins face-off versus Jujhar Khaira in OTTAWA zone.
7:34 of 2nd period - Shot by Mikkel Boedker.
7:34 of 2nd period - Stopped by Laurent Brossoit with a rebound.
7:49 of 2nd period - Icing by Frans Nielsen.
7:50 of 2nd period - Frans Nielsen wins face-off versus Jujhar Khaira in CHICAGO zone.
8:42 of 2nd period - Icing by Gustav Nyquist.
8:43 of 2nd period - Jujhar Khaira wins face-off versus Tyler Bozak in CHICAGO zone.
9:36 of 2nd period - Shot by Sven Baertschi.
9:36 of 2nd period - Stopped by Laurent Brossoit without a rebound.
9:37 of 2nd period - Brandon Sutter wins face-off versus Oskar Sundqvist in OTTAWA zone.
9:38 of 2nd period - Shot by Erik Haula.
9:38 of 2nd period - Shot Misses the Net.
11:57 of 2nd period - Shot by Michael Rasmussen.
11:57 of 2nd period - Goal by Michael Rasmussen - OTTAWA : 2 - CHICAGO : 1.
11:58 of 2nd period - Tyler Bozak wins face-off versus Oskar Sundqvist in neutral zone.
12:14 of 2nd period - Minor Penalty to Haydn Fleury for Tripping.
12:15 of 2nd period - Gustav Nyquist wins face-off versus Oskar Sundqvist in CHICAGO zone.
12:42 of 2nd period - Shot by Andreas Johnsson.
12:42 of 2nd period - Stopped by Mike Smith without a rebound.
12:43 of 2nd period - Gustav Nyquist wins face-off versus Marcus Johansson in CHICAGO zone.
12:43 of 2nd period - Gustav Nyquist is hit by Jordan Eberle.
13:38 of 2nd period - Off-side.
13:39 of 2nd period - Oskar Sundqvist wins face-off versus Brandon Sutter in neutral zone.
13:54 of 2nd period - Shot by Oskar Sundqvist.
13:54 of 2nd period - Shot Misses the Net.
13:56 of 2nd period - Shot by Andreas Johnsson.
13:56 of 2nd period - Shot Blocked by Nick Leddy.
13:58 of 2nd period - Shot by Ryan Suter.
13:58 of 2nd period - Shot Blocked by Tyson Barrie.
14:02 of 2nd period - Shot by Andreas Johnsson.
14:02 of 2nd period - Stopped by Mike Smith without a rebound.
14:03 of 2nd period - Cody Eakin wins face-off versus Marcus Johansson in CHICAGO zone.
14:55 of 2nd period - Mikkel Boedker is hit by Michael Rasmussen and loses puck.
15:03 of 2nd period - Icing by Tyler Lewington.
15:04 of 2nd period - Garnet Hathaway wins face-off versus Mikkel Boedker in CHICAGO zone.
15:13 of 2nd period - Ryan Suter is hit by Milan Lucic and loses puck.
15:15 of 2nd period - Minor Penalty to Vince Dunn for Holding.
15:16 of 2nd period - Tyler Bozak wins face-off versus Garnet Hathaway in OTTAWA zone.
15:17 of 2nd period - Shot by Nick Leddy.
15:17 of 2nd period - Shot Misses the Net.
15:21 of 2nd period - Shot by Cody Eakin.
15:21 of 2nd period - Shot Misses the Net.
15:23 of 2nd period - Shot by Nick Leddy.
15:23 of 2nd period - Shot Misses the Net.
15:29 of 2nd period - Shot by Tyson Barrie.
15:29 of 2nd period - Stopped by Laurent Brossoit with a rebound.
15:31 of 2nd period - Shot by Tyson Barrie.
15:31 of 2nd period - Deflect By Tyler Bozak.
15:31 of 2nd period - Stopped by Laurent Brossoit without a rebound.
15:32 of 2nd period - Garnet Hathaway wins face-off versus Tyler Bozak in OTTAWA zone.
15:48 of 2nd period - Shot by Travis Dermott.
15:48 of 2nd period - Shot Blocked by Ryan Suter.
15:50 of 2nd period - Shot by Tyler Bozak.
15:50 of 2nd period - Stopped by Laurent Brossoit with a rebound.
15:52 of 2nd period - Shot by Cody Eakin.
15:52 of 2nd period - Shot Blocked by Ryan Suter.
15:54 of 2nd period - Shot by Tyler Bozak.
15:54 of 2nd period - Stopped by Laurent Brossoit without a rebound.
15:55 of 2nd period - Nikita Gusev wins face-off versus Frans Nielsen in OTTAWA zone.
16:41 of 2nd period - Off-side.
16:42 of 2nd period - Tyler Bozak wins face-off versus Garnet Hathaway in neutral zone.
17:25 of 2nd period - Conor Garland is hit by Tyler Lewington and loses puck.
17:28 of 2nd period - Shot by Conor Garland.
17:28 of 2nd period - Shot Misses the Net.
17:38 of 2nd period - Shot by Sven Baertschi.
17:38 of 2nd period - Shot Misses the Net.
17:41 of 2nd period - Minor Penalty to Brandon Sutter for Interference.
17:42 of 2nd period - Gustav Nyquist wins face-off versus Marcus Johansson in CHICAGO zone.
18:11 of 2nd period - Icing by Ryan Suter.
18:12 of 2nd period - Marcus Johansson wins face-off versus Frans Nielsen in OTTAWA zone.
18:59 of 2nd period - Shot by Oskar Sundqvist.
18:59 of 2nd period - Shot Misses the Net.
19:01 of 2nd period - Shot by Mark Borowiecki.
19:01 of 2nd period - Stopped by Mike Smith with a rebound.
19:03 of 2nd period - Shot by Michal Kempny.
19:03 of 2nd period - Stopped by Mike Smith with a rebound.
19:05 of 2nd period - Shot by Mark Borowiecki.
19:05 of 2nd period - Shot Misses the Net.
19:18 of 2nd period - Icing by Ryan Suter.
19:19 of 2nd period - Gustav Nyquist wins face-off versus Marcus Johansson in OTTAWA zone.
19:47 of 2nd period - Oskar Sundqvist is hit by Tyler Lewington and loses puck.
Goals for this period are 1 for OTTAWA vs 0 for CHICAGO.
Shots for this period are 10 for OTTAWA vs 10 for CHICAGO.

3rd period


0:01 of 3rd period - Garnet Hathaway wins face-off versus Cody Eakin in neutral zone.
0:24 of 3rd period - Icing by Jordan Eberle.
0:25 of 3rd period - Garnet Hathaway wins face-off versus Frans Nielsen in OTTAWA zone.
0:35 of 3rd period - Jordan Eberle is hit by Travis Dermott and loses puck.
0:46 of 3rd period - Shot by Jordan Eberle.
0:46 of 3rd period - Stopped by Mike Smith without a rebound.
0:47 of 3rd period - Marcus Johansson wins face-off versus Tyler Bozak in CHICAGO zone.
1:09 of 3rd period - Gustav Nyquist is hit by Mark Borowiecki and loses puck.
1:19 of 3rd period - Tyler Bozak is hit by Mark Borowiecki and loses puck.
1:46 of 3rd period - Travis Dermott is hit by Oskar Sundqvist and loses puck.
1:50 of 3rd period - Icing by Milan Lucic.
1:51 of 3rd period - Garnet Hathaway wins face-off versus Frans Nielsen in CHICAGO zone.
2:00 of 3rd period - Shot by Frans Nielsen.
2:00 of 3rd period - Shot Blocked by Garnet Hathaway.
2:02 of 3rd period - Shot by Milan Lucic.
2:02 of 3rd period - Deflect By Frans Nielsen.
2:02 of 3rd period - Shot Misses the Net.
2:57 of 3rd period - Shot by Conor Garland.
2:57 of 3rd period - Shot Misses the Net.
2:59 of 3rd period - Shot by Oskar Sundqvist.
2:59 of 3rd period - Shot Misses the Net.
3:13 of 3rd period - Shot by Michael Raffl.
3:13 of 3rd period - Shot Misses the Net.
3:49 of 3rd period - Shot by Andreas Johnsson.
3:49 of 3rd period - Shot Blocked by Tyler Lewington.
3:51 of 3rd period - Shot by Mark Borowiecki.
3:51 of 3rd period - Stopped by Mike Smith without a rebound.
3:52 of 3rd period - Tyler Bozak wins face-off versus Marcus Johansson in CHICAGO zone.
5:09 of 3rd period - Shot by Milan Lucic.
5:09 of 3rd period - Shot Misses the Net.
5:49 of 3rd period - Off-side.
5:50 of 3rd period - Oskar Sundqvist wins face-off versus Mason Appleton in neutral zone.
6:11 of 3rd period - Shot by Gustav Nyquist.
6:11 of 3rd period - Shot Misses the Net.
6:37 of 3rd period - Shot by Jujhar Khaira.
6:37 of 3rd period - Stopped by Mike Smith with a rebound.
6:39 of 3rd period - Shot by Ryan Suter.
6:39 of 3rd period - Shot Misses the Net.
6:47 of 3rd period - Shot by Andreas Johnsson.
6:47 of 3rd period - Shot Blocked by Tyler Lewington.
6:59 of 3rd period - Shot by Ryan Suter.
6:59 of 3rd period - Shot Misses the Net.
7:01 of 3rd period - Shot by Ryan Suter.
7:01 of 3rd period - Stopped by Mike Smith without a rebound.
7:02 of 3rd period - Frans Nielsen wins face-off versus Marcus Johansson in CHICAGO zone.
7:02 of 3rd period - Frans Nielsen is hit by Kyle Okposo.
7:15 of 3rd period - Shot by Marcus Johansson.
7:15 of 3rd period - Deflect By Nikita Gusev.
7:15 of 3rd period - Stopped by Mike Smith with a rebound.
7:34 of 3rd period - Off-side.
7:35 of 3rd period - Tyler Bozak wins face-off versus Garnet Hathaway in neutral zone.
8:29 of 3rd period - Shot by Oskar Sundqvist.
8:29 of 3rd period - Stopped by Mike Smith without a rebound.
8:30 of 3rd period - Frans Nielsen wins face-off versus Marcus Johansson in CHICAGO zone.
8:53 of 3rd period - Travis Dermott is hit by Kyle Okposo and loses puck.
9:18 of 3rd period - Dmitry Kulikov is hit by Milan Lucic and loses puck.
9:24 of 3rd period - Conor Garland is hit by Travis Dermott and loses puck.
9:28 of 3rd period - Michael Raffl is hit by Mark Pysyk and loses puck.
9:41 of 3rd period - Shot by Conor Garland.
9:41 of 3rd period - Stopped by Mike Smith without a rebound.
9:42 of 3rd period - Brandon Sutter wins face-off versus Garnet Hathaway in CHICAGO zone.
10:55 of 3rd period - Shot by Michael Rasmussen.
10:55 of 3rd period - Shot Misses the Net.
11:41 of 3rd period - Shot by Tyler Bozak.
11:41 of 3rd period - Shot Blocked by Vince Dunn.
11:53 of 3rd period - Shot by Nick Leddy.
11:53 of 3rd period - Shot Blocked by Vince Dunn.
12:14 of 3rd period - Icing by Mark Pysyk.
12:15 of 3rd period - Milan Lucic wins face-off versus Garnet Hathaway in CHICAGO zone.
12:21 of 3rd period - Icing by Travis Dermott.
12:22 of 3rd period - Frans Nielsen wins face-off versus Garnet Hathaway in CHICAGO zone.
12:39 of 3rd period - Icing by Yanni Gourde.
12:40 of 3rd period - Mason Appleton wins face-off versus Garnet Hathaway in OTTAWA zone.
13:06 of 3rd period - Shot by Yanni Gourde.
13:06 of 3rd period - Stopped by Mike Smith without a rebound.
13:07 of 3rd period - Milan Lucic wins face-off versus Marcus Johansson in CHICAGO zone.
13:07 of 3rd period - Milan Lucic is hit by Kyle Okposo.
13:10 of 3rd period - Icing by Frans Nielsen.
13:11 of 3rd period - Frans Nielsen wins face-off versus Marcus Johansson in CHICAGO zone.
14:11 of 3rd period - Tyson Barrie is hit by Michael Raffl and loses puck.
14:46 of 3rd period - Shot by Cody Eakin.
14:46 of 3rd period - Stopped by Laurent Brossoit with a rebound.
15:07 of 3rd period - Cody Eakin is hit by Garnet Hathaway.
16:35 of 3rd period - Milan Lucic is hit by Mark Borowiecki and loses puck.
16:42 of 3rd period - Shot by Kyle Okposo.
16:42 of 3rd period - Stopped by Mike Smith without a rebound.
16:43 of 3rd period - Mason Appleton wins face-off versus Garnet Hathaway in CHICAGO zone.
16:56 of 3rd period - Shot by Brendan Perlini.
16:56 of 3rd period - Stopped by Laurent Brossoit with a rebound.
16:58 of 3rd period - Shot by Nick Leddy.
16:58 of 3rd period - Shot Misses the Net.
17:00 of 3rd period - Shot by Gustav Nyquist.
17:00 of 3rd period - Shot Misses the Net.
18:06 of 3rd period - Icing by Mark Pysyk.
18:07 of 3rd period - Marcus Johansson wins face-off versus Tyler Bozak in CHICAGO zone.
19:05 of 3rd period - CHICAGO, Mike Smith is pulled from the net.
19:18 of 3rd period - Shot by Gustav Nyquist.
19:18 of 3rd period - Shot Misses the Net.
19:24 of 3rd period - Shot by Tyson Barrie.
19:24 of 3rd period - Shot Misses the Net.
19:26 of 3rd period - Shot by Tyson Barrie.
19:26 of 3rd period - Stopped by Laurent Brossoit without a rebound.
19:27 of 3rd period - Oskar Sundqvist wins face-off versus Brendan Perlini in OTTAWA zone.
19:27 of 3rd period - Oskar Sundqvist is hit by Brendan Perlini.
19:47 of 3rd period - Shot by Gustav Nyquist.
19:47 of 3rd period - Shot Misses the Net.
19:49 of 3rd period - Shot by Brandon Sutter.
19:49 of 3rd period - Deflect By Gustav Nyquist.
19:49 of 3rd period - Shot Misses the Net.
19:51 of 3rd period - Shot by Nick Leddy.
19:51 of 3rd period - Stopped by Laurent Brossoit without a rebound.
19:52 of 3rd period - Cody Eakin wins face-off versus Garnet Hathaway in OTTAWA zone.
Goals for this period are 0 for OTTAWA vs 0 for CHICAGO.
Shots for this period are 9 for OTTAWA vs 4 for CHICAGO.